 Dungeon Crawl Stone Soup version 0.21.1-1-g345015fe64 (webtiles) character file.

66 PikkenKukken the Bolt Thrower (level 3, 0/30 HPs)
             Began as a Centaur Hunter on June 24, 2018.
             Succumbed to an adder's poison
             ... on level 2 of the Dungeon.
             The game lasted 00:06:49 (1626 turns).

PikkenKukken the Bolt Thrower (Centaur Hunter)      Turns: 1626, Time: 00:06:49

Health: 0/30       AC:  5    Str: 19    XL:     3   Next: 96%
Magic:  3/3        EV:  9    Int: 10    God:
Gold:   54         SH:  0    Dex: 10    Spells: 2/2 levels left

rFire    . . .     SeeInvis .   b - +0 short sword
rCold    . . .     Gourm    .   (no shield)
rNeg     . . .     Faith    .   c - +1 leather armour
rPois    .         Spirit   .   (no helmet)
rElec    .         Reflect  .   (no cloak)
rCorr    .         Harm     .   (no gloves)
MR       .....                  (no barding)
Stlth    +.........             (no amulet)
HPRegen  0.10/turn              (no ring)
MPRegen  0.08/turn              (no ring)

@: mighty, lethally poisoned (0 -> -9), very quick
A: large, claws 1, hooves 3, blurry vision 1, deformed body, speed 2, tough skin
3
a: no special abilities


You were on level 2 of the Dungeon.
You were not hungry.

You visited 1 branch of the dungeon, and saw 2 of its levels.

You collected 54 gold pieces.

Inventory:

Hand Weapons
 a - a +1 hand crossbow
 b - a +0 short sword (weapon)
 h - a +0 hand axe
Missiles
 d - 3 bolts
 o - 29 arrows
Armour
 c - a +1 leather armour (worn)
Scrolls
 e - a scroll of magic mapping
 k - 2 scrolls of amnesia
 m - a scroll of identify
Potions
 j - a potion of flight
 l - a potion of curing {unknown}
Comestibles
 f - 2 rations
 g - 9 chunks of flesh


   Skills:
 + Level 2.7 Fighting
 + Level 4.9 Crossbows
 + Level 1.0 Armour
 + Level 2.0 Dodging
 - Level 0.4 Stealth


You had 2 spell levels left.
You didn't know any spells.

Dungeon Overview and Level Annotations

Branches:
Dungeon (2/15)

Altars:
Kikubaaqudgha
Nemelex Xobeh
Vehumet
Xom


Innate Abilities, Weirdness & Mutations

You have hooves in place of feet.
Armour fits poorly on your strangely shaped body.
You cover ground very quickly.
You have extremely tough skin. (AC +3)
You have sharp fingernails.
Scrolls take you a little longer to read.


Message History

You feel sick. The adder bites you.
* * * LOW HITPOINT WARNING * * *
You are lethally poisoned!
The adder poisons you!
You closely miss the adder.
The adder is almost dead.
* * * LOW HITPOINT WARNING * * *
You feel sick. The adder bites you.
* * * LOW HITPOINT WARNING * * *
The adder barely misses you.
You barely miss the adder. Your kick misses the adder.
The adder is almost dead.
* * * LOW HITPOINT WARNING * * *
You feel sick. The adder bites you but does no damage.
* * * LOW HITPOINT WARNING * * *
You feel sick. The adder bites you.
* * * LOW HITPOINT WARNING * * *
It was a potion of might.
You feel very mighty all of a sudden.
You die...

.######.##.......#
.# #.##.......# .#
#รท##.......# .#
#.##.......#### .#
#.##..#.#.#.#.##
.#
#.##...........#
.#
#.#####.......##
.# #.# #...>.....#
.#
##.#####.)S@...##
.#
#.....).........#
##
######.#.......##
#..........#
###.#.#.#.##
###.####(# #(. .#
#### .# ..


You could see an adder.

Vanquished Creatures
  3 adders
  A dart slug (D:1)
  A leopard gecko (D:2)
  2 giant cockroaches
  7 goblins
  2 hobgoblins (D:2)
  3 kobolds (D:1)
  7 bats
  3 frilled lizards (D:1)
  9 rats
38 creatures vanquished.

Notes
Turn   | Place    | Note
-------+----------+-------------------------------------------
     0 | D:1      | PikkenKukken the Centaur Hunter began the quest for the Orb.
     0 | D:1      | Reached XP level 1. HP: 17/17 MP: 1/1
   327 | D:1      | Reached XP level 2. HP: 24/24 MP: 2/2
   405 | D:1      | Found a shimmering altar of Xom.
   683 | D:1      | Gained mutation: Scrolls take you a little longer to read. [potion of mutation]
   683 | D:1      | Gained mutation: You have sharp fingernails. [potion of mutation]
   791 | D:1      | Reached XP level 3. HP: 9/30 MP: 3/3
  1019 | D:2      | Found an ancient bone altar of Kikubaaqudgha.
  1019 | D:2      | Found a radiant altar of Vehumet.
  1442 | D:2      | Found a sparkling altar of Nemelex Xobeh.
  1514 | D:2      | Reached skill level 1 in Armour
  1625 | D:2      | HP: 1/30 [adder (2)]
  1626 | D:2      | Succumbed to an adder's poison

Skill      XL: |  1  2  3 |
---------------+----------+-----
Armour         | 1 |  1.0
Dodging        | 2 |  2.0
Fighting       | |  2.7
Crossbows      | |  4.9
Stealth        | |  0.4

Action                   || total
-------------------------++-------
Melee: Short sword       ||    59
       Kick              ||     6
       Hand axe          ||     7
 Fire: Hand crossbow     ||    60
  Use: Scroll            ||     8
       Potion            ||     3
  Eat: Chunk             ||     1
Armor: Leather armour    ||    57
Dodge: Dodged            ||    69
